 Dungeon Crawl Stone Soup version 0.24.1-4-ge52af88ad5 (webtiles) character file.

Game seed: 5043316917623443561, levelgen mode: deterministic

7016 Jakon the Archer (level 10, -3/88 HPs)
             Began as a Centaur Hunter on Apr 16, 2020.
             Was a Follower of Okawaru.
             Slain by a wight
             ... wielding a +3 mace of freezing
              (6 damage)
             ... on level 7 of the Dungeon.
             The game lasted 01:07:00 (14446 turns).

Jakon the Archer (Centaur Hunter)                  Turns: 14446, Time: 01:07:01

Health: -3/88      AC: 10    Str: 17      XL:     10   Next: 82%
Magic:  12/12      EV: 14    Int: 10      God:    Okawaru [*.....]
Gold:   583        SH:  0    Dex: 15 (16) Spells: 9/9 levels left

rFire    + . .     SeeInvis .   M - +2 short sword (elec)
rCold    . . .     Gourm    .   (no shield)
rNeg     . . .     Faith    .   J - +0 swamp dragon scales
rPois    +         Spirit   .   x - +1 helmet
rElec    .         Reflect  .   (no cloak)
rCorr    .         Harm     .   E - +0 pair of gloves
MR       .....                  (no barding)
Stlth    +.........             m - amulet of the acrobat
HPRegen  0.24/turn              l - ring of protection from fire
MPRegen  0.13/turn              (no ring)

@: agile, about to teleport, heavily drained, very quick
A: large, hooves 3, deformed body, speed 2, tough skin 3
a: Heroism, Renounce Religion


You were on level 7 of the Dungeon.
You worshipped Okawaru.
Okawaru was aware of your devotion.
You were hungry.

You visited 2 branches of the dungeon, and saw 10 of its levels.

You collected 583 gold pieces.

Inventory:

Hand Weapons
 a - a +1 shortbow
 e - the +10 mace "Xurog" {protect, Fragile rElec rC+++ Str-3}
   (You took it off an orc on level 3 of the Dungeon)

   It grants its wielder temporary protection when it strikes (+7 to AC).
   It affects your strength (-3).
   It renders you almost immune to cold.
   It insulates you from electricity.
   It will be destroyed if unequipped.
 k - a +1 dagger of venom
 H - a +0 short sword of holy wrath
 M - a +2 short sword of electrocution (weapon)
Missiles
 d - 2 arrows
 t - 22 poisoned darts (quivered)
 I - 5 curare-tipped darts
Armour
 x - a +1 helmet (worn)
 E - a +0 pair of gloves (worn)
 J - +0 swamp dragon scales (worn)
Magical Staves
 c - an uncursed staff of fire
Jewellery
 l - a ring of protection from fire (left hand)
 m - an amulet of the acrobat (around neck)
 s - an uncursed amulet of faith
 z - an uncursed ring of fire
Wands
 o - a wand of acid (8)
Scrolls
 g - 2 scrolls of amnesia
 i - 3 scrolls of remove curse
 q - a scroll of blinking {unknown}
 u - 3 scrolls of enchant weapon {unknown}
 y - 3 scrolls of teleportation
 D - 2 scrolls of magic mapping {unknown}
 G - 4 scrolls of fog
 K - 2 scrolls of fear
 L - a scroll of holy word {unknown}
Potions
 b - a potion of might {unknown}
 h - a potion of flight {unknown}
 j - 3 potions of ambrosia {unknown}
 n - 3 potions of resistance
 p - 2 potions of magic {unknown}
 r - 3 potions of lignification {unknown}
 v - 2 potions of degeneration {unknown}
 w - 3 potions of berserk rage {unknown}
 B - 3 potions of agility
 C - 2 potions of heal wounds {unknown}
 F - 3 potions of brilliance {unknown}
Comestibles
 f - 14 rations


   Skills:
 + Level 7.9(5.8) Fighting
 - Level 3.5(1.7) Short Blades
 + Level 14.5(12.1) Bows
 - Level 4.6(2.7) Armour
 + Level 4.2(2.3) Dodging
 - Level 1.2(0.0) Stealth
 + Level 2.8(1.0) Invocations


You had 9 spell levels left.
You didn't know any spells.
Your spell library contained the following spells:

 Spells                   Type           Power        Failure   Level  Hunger
 Magic Dart               Conj           #...         56%         1    ##.....
 Searing Ray              Conj           #.....       71%         2    ###....
 Dazzling Spray           Conj/Hex       #.....       90%         3    ####...
 Force Lance              Conj/Tloc      #.......     100%        4    #####..
 Fulminant Prism          Conj/Hex       #.........   100%        4    #####..
 Iskenderun's Mystic Bla  Conj           #.......     100%        4    #####..


Dungeon Overview and Level Annotations

Branches:
Dungeon (9/15)             Temple (1/1) D:4
   Lair: D:8-11         Orc: D:9-12

Altars:
Ashenzari
Cheibriados
Dithmenos
Elyvilon
Fedhas
Gozag
Hepliaklqana
Kikubaaqudgha
Makhleb
Nemelex Xobeh
Okawaru
Qazlal
Ru
Sif Muna
Trog
Uskayaw
Vehumet
Wu Jian
Xom
Yredelemnul
Zin
The Shining One
Beogh

Shops:
D:5 (

Annotations:
D:7 raetorn's ghost, novice GrGl


Innate Abilities, Weirdness & Mutations

You have hooves in place of feet.
Armour fits poorly on your strangely shaped body.
You cover ground very quickly.
You have extremely tough skin. (AC +3)


Message History

Okay, then.
As you read the scroll of fear, it crumbles to dust.
You assume a fearsome visage.
The wight is unaffected. x2
Raetorn's ghost is unaffected.
The wight barely misses you.
Raetorn's ghost hits you but does no damage.
Okay, then.
As you read the scroll of teleportation, it crumbles to dust.
You feel strangely unstable. The wight closely misses you.
Raetorn's ghost closely misses you.
Okay, then.
You feel agile all of a sudden.
The wight hits you with a cursed +3 mace.
* * * LOW HITPOINT WARNING * * *
The wight hits you but does no damage.
Raetorn's ghost hits you but does no damage.
You hit the wight.
You destroy the wight!
Okawaru accepts your kill.
The wight hits you with a +3 mace of freezing.
You die...

#..........#.#.### ##.# ##.
#............#.# #..# ##..
#........<...#.# #.## ###..#
#............#.# #.####...##
#............#.# #.##...###
######)......#.# #.##.###
#####.[...# #.##.# ##...###
#.##.# ##...z@.# #.##.#
#########....W#)#####.##.#
#.......#.#.#.......#.##.#
#.......#.#.##..###.#.#..#
#.......#...###.# #...#.##
#..........## #.# ##....#######
#..........# #.# ##.#........[
#.......#.#####.###....#.....##
#.............#...#.#.##.....##


You could see a wight and raetorn's ghost.

Vanquished Creatures
  A two-headed ogre (D:8)
  Pikel (D:7)
  The ghost of Curus the Carver, a novice MiBe of Trog (D:5)
  Joseph (D:8)
  A queen bee (D:8)
  A hippogriff (D:8)
  Grum (D:8)
  A hungry ghost (D:7)
  3 orc warriors
  An ice beast (D:8)
  2 sky beasts
  2 slaves (D:7)
  A phantom (D:5)
  3 centaurs
  The ghost of hitsuchi the Insei, an amateur OpCK of Xom (D:3)
  3 wolves (D:7)
  5 bullfrogs
  A scorpion (D:5)
  24 killer bees
  4 electric eels (D:8)
  2 wights
  4 centaur zombies
  5 crimson imps
  2 bullfrog zombies (D:5)
  A quasit (D:9)
  A jelly (D:6)
  2 centaur skeletons
  4 orc priests
  9 hounds
  A bullfrog skeleton (D:4)
  3 iguanas
  6 orc wizards
  5 worker ants
  A killer bee zombie (D:5)
  A hound skeleton (D:6)
  A howler monkey zombie (D:5)
  4 worker ant zombies (D:5)
  A howler monkey skeleton (D:5)
  6 adders
  4 shadow imps
  3 oozes
  2 adder zombies (D:5)
  An adder skeleton (D:8)
  3 worms
  4 dart slugs
  3 leopard geckos
  27 orcs
  10 bats
  9 giant cockroaches
  8 goblins
  3 hobgoblins
  10 jackals
  6 kobolds
  2 quokkas
  2 ball pythons
  5 frilled lizards
  A jackal skeleton (D:6)
  A leopard gecko skeleton (D:6)
  A leopard gecko zombie (D:5)
  2 quokka skeletons
  7 rats
231 creatures vanquished.

Vanquished Creatures (others)
  An orc wizard (D:5)
  A fungus (D:6)
  4 plants (D:3)
6 creatures vanquished.

Grand Total: 237 creatures vanquished

Notes
Turn   | Place    | Note
-------+----------+-------------------------------------------
     0 | D:1      | Jakon the Centaur Hunter began the quest for the Orb.
     0 | D:1      | Reached XP level 1. HP: 17/17 MP: 1/1
   242 | D:1      | Reached XP level 2. HP: 21/24 MP: 2/2
   371 | D:1      | Reached skill level 6 in Bows
   488 | D:1      | Reached XP level 3. HP: 29/29 MP: 3/3
  1525 | D:2      | Reached XP level 4. HP: 36/36 MP: 4/4
  1654 | D:2      | Reached skill level 7 in Bows
  2046 | D:3      | Found an opulent altar of Gozag.
  2181 | D:3      | Found a runed translucent gate.
  2182 | D:3      | Found a runed translucent gate.
  2182 | D:3      | Found a runed translucent gate.
  2189 | D:3      | Noticed hitsuchi's ghost (amateur OpCK)
  2191 | D:3      | Identified the +10 mace "Xurog" {protect, Fragile rElec
                  | rC+++ Str-3}
  2191 | D:3      | Identified the cursed +0 chain mail of Jaun {Int+3}
  2192 | D:3      | Found a roughly hewn altar of Beogh.
  2884 | D:4      | Reached XP level 5. HP: 45/45 MP: 5/5
  2943 | D:4      | Found a staircase to the Ecumenical Temple.
  3096 | D:4      | Found a stormy altar of Qazlal.
  3237 | D:4      | Reached skill level 8 in Bows
  3411 | Temple   | Entered the Ecumenical Temple
  3540 | D:5      | Entered Level 5 of the Dungeon
  3564 | D:5      | Reached skill level 1 in Armour
  3576 | D:5      | Reached XP level 6. HP: 45/51 MP: 6/6
  3637 | D:5      | Noticed a sky beast
  3663 | D:5      | Killed a sky beast
  3942 | D:5      | Found Sasu's Antique Weapon Boutique.
  4184 | D:5      | Reached skill level 9 in Bows
  4195 | D:5      | Reached XP level 7. HP: 46/57 MP: 7/7
  4238 | D:5      | Found a runed translucent gate.
  4238 | D:5      | Found a runed translucent gate.
  4238 | D:5      | Found a runed translucent gate.
  4238 | D:5      | Noticed Curus's ghost (novice MiBe)
  4505 | D:5      | Reached skill level 10 in Bows
  4559 | D:5      | Found a hazy altar of Hepliaklqana.
  5645 | D:5      | Reached XP level 8. HP: 64/67 MP: 8/8
  6134 | D:6      | Reached skill level 11 in Bows
  6213 | D:6      | Reached skill level 5 in Fighting
  6418 | D:6      | Found an ancient bone altar of Kikubaaqudgha.
  6419 | D:6      | Found a shattered altar of Ashenzari.
  6465 | D:6      | Found a bloodstained altar of Trog.
  6671 | D:6      | Found a sacrificial altar of Ru.
  6826 | D:7      | Reached skill level 1 in Short Blades
  7232 | D:7      | Reached skill level 12 in Bows
  7507 | D:7      | Reached skill level 1 in Stealth
  7507 | D:7      | Reached XP level 9. HP: 75/75 MP: 9/9
  8029 | D:7      | Noticed Pikel
  8358 | D:7      | Killed Pikel
  8618 | D:3      | Killed hitsuchi's ghost
  8618 | D:3      | Reached skill level 13 in Bows
  9114 | D:5      | Killed Curus's ghost
  9444 | D:8      | Noticed Grum
 10084 | D:8      | Killed Grum
 10084 | D:8      | Reached XP level 10. HP: 61/84 MP: 10/10
 10639 | D:8      | Found a runed translucent gate.
 10659 | D:8      | Found a runed translucent gate.
 10660 | D:8      | Found a runed translucent gate.
 10662 | D:8      | Noticed raetorn's ghost (novice GrGl)
 11385 | D:8      | Found an iron altar of Okawaru.
 11512 | D:8      | Noticed a two-headed ogre
 11562 | D:8      | Killed a two-headed ogre
 11562 | D:8      | Reached skill level 14 in Bows
 11693 | D:8      | Became a worshipper of Warmaster Okawaru
 12180 | D:8      | Reached skill level 1 in Invocations
 12243 | D:8      | Noticed Joseph
 12259 | D:8      | Killed Joseph
 12812 | D:8      | Reached * piety under Okawaru
 14445 | D:7      | HP: 3/88 [wight/cursed +3 mace (3)]
 14446 | D:7      | Slain by a wight

Levels and vault maps discovered:
D:1:      ebering_trefoil_twist, layout_loops_corners, minmay_pentomino_z4
D:2:      layout_basic
D:3:      layout_loops_ring, nicolae_gozag_cash_rules_everything_around_me,
          biasface_ghost_orc_armoury, serial_forest, infiniplex_forest_split,
          infiniplex_forest_end_2, infiniplex_forest_end_2,
          infiniplex_forest_straight_4, first_ration, minmay_misc_feat_encased
D:4:      layout_cave_pools, nicolae_qazlal_eye_of_the_storm,
          minmay_temple_entry_offerings, grunt_ministairs_9
D:5:      layout_cave_pods, kennysheep_mini_moat, gammafunk_ghost_necromancy,
          serial_shops, nicolae_shop_waterfront, serial_undead, serial_undead_e,
          serial_undead_d, serial_undead_c, serial_undead_d
D:6:      layout_cave_pools, kennysheep_mini, minitemple, serial_park,
          serial_park_tiny_pond, serial_park_square1
          [serial_park_minivault_5x5_7], serial_park_tiny_2, serial_park_gazebo
          [serial_park_minivault_5x5_6], trog_butcher_becter
D:7:      layout_rooms, uniq_pikel
D:8:      statuecave_lemuel, layout_rooms, nicolae_overflow_crystal_walls,
          ebering_ghost_rock_garden, nicolae_ossuary_entry_plus,
          serial_park_tiny_1, david_nohive_1, uniq_joseph, uniq_grum
D:9:      minmay_shrinking_squares, layout_basic, serial_park_tiny_2
Temple:   eino_wide_crystal_templ

Skill      XL: |  1  2  3  4  5  6  7  8  9 10 |
---------------+-------------------------------+-----
Bows           | 6 7 8 9 10 12 13 14 | 14.5
Fighting       | 3 4 5 6 7 |  7.9
Armour         | 1 2 3 4 |  4.6
Dodging        | 2 3 4 |  4.2
Short Blades   | 1 3 |  3.5
Stealth        | 1 |  1.2
Invocations    | 2 |  2.8

Action                   |  1- 3 |  4- 6 |  7- 9 | 10-12 || total
-------------------------+-------+-------+-------+-------++-------
Melee: Dagger            |       |    35 |   356 |     2 ||   393
       Kick              |       |     8 |    99 |    48 ||   155
       Short sword       |       |       |       |   235 ||   235
 Fire: Shortbow          |   119 |   145 |   309 |   160 ||   733
Throw: Dart              |       |       |       |     2 ||     2
  Use: Scroll            |       |     7 |     4 |     2 ||    13
       Potion            |       |       |     7 |     6 ||    13
  Eat: Chunk             |     1 |     6 |     9 |     3 ||    19
       Ration            |       |       |     4 |     2 ||     6
Armor: Leather armour    |    30 |    35 |    44 |       ||   109
       Swamp dragon scal |       |       |   125 |   150 ||   275
Dodge: Dodged            |    34 |    48 |   205 |   212 ||   499
